 Dungeon Crawl Stone Soup version 0.29-a0-542-g075992c915 (webtiles) character file.

Game seed: 13669383212852697630

2065 oldriver the Cleaver (level 9, 0/79 HPs)
             Began as a Palentonga Fighter on June 3, 2022.
             Slain by a killer bee (8 damage)
             ... on level 6 of the Dungeon.
             The game lasted 00:08:00 (5814 turns).

oldriver the Cleaver (Palentonga Fighter)           Turns: 5814, Time: 00:08:00

Health: 0/79       AC: 14    Str: 36    XL:     9   Next: 5%
Magic:  9/9        EV:  9    Int:  8    God:
Gold:   294        SH:  5    Dex: 10    Spells: 8/8 levels left

rFire   . . .      SeeInvis +   a - +1 war axe
rCold   . . .      Faith    .   c - +1 buckler
rNeg    . . .      Spirit   .   B - +3 leather armour {rPois}
rPois   +          Reflect  .   (no helmet)
rElec   .          Harm     .   (no cloak)
rCorr   .          Rampage  .   (no gloves)
Will    .....                   (no barding)
Stlth   +.........              p - amulet of regeneration
HPRegen 1.03/turn               g - +6 ring of strength
MPRegen 0.11/turn               r - +6 ring of strength

@: curled up
A: large, rugged brown scales 3, see invisible, deformed body, roll 1, armoured
tail, reflexive curl
a: Rolling Charge


You were on level 6 of the Dungeon.
You visited 2 branches of the dungeon, and saw 7 of its levels.
You also visited: Sewer.

You collected 294 gold pieces.

Inventory:

Hand Weapons
 a - a +1 war axe (weapon)
Armour
 c - a +1 buckler (worn)
 B - a +3 leather armour of poison resistance (worn)
Jewellery
 f - a ring of ice
 g - a +6 ring of strength (left hand)
 p - an amulet of regeneration (around neck)
 r - a +6 ring of strength (right hand)
 v - an amulet of magic regeneration
 w - a ring of ice
 x - a +6 ring of strength
Wands
 i - a wand of flame (8)
 C - a wand of iceblast (5)
 D - a wand of paralysis (10)
Scrolls
 e - a scroll of enchant armour
 l - a scroll of fear
 m - 3 scrolls of enchant weapon
 n - 5 scrolls of teleportation
 y - a scroll of amnesia
 E - 4 scrolls of identify
Potions
 b - a potion of curing
 d - a potion of might
 h - 4 potions of mutation {unknown}
 j - 2 potions of heal wounds
 k - 2 potions of invisibility {unknown}
 o - 3 potions of resistance {unknown}
 q - 2 potions of flight
 s - 3 potions of cancellation {unknown}
 t - a potion of haste {unknown}
 u - a potion of magic {unknown}
 z - a potion of degeneration {unknown}
 A - a potion of lignification {unknown}


   Skills:
 + Level 8.0 Fighting
 * Level 8.2 Axes
 + Level 3.4 Armour
 - Level 2.0 Dodging
 + Level 3.7 Shields


You had 8 spell levels left.
You didn't know any spells.
Your spell library contained the following spells:

 Spells                   Type           Power      Damage    Failure   Level
 Freeze                   Ice            0%         1d3       52%         1
 Sandblast                Erth           0%         2d4       52%         1
 Shock                    Conj/Air       0%         1d3       52%         1
 Passwall                 Tmut/Erth      0%         N/A       65%         2
 Sublimation of Blood     Necr           0%         N/A       65%         2
 Frozen Ramparts          Ice            0%         1d2       87%         3
 Stone Arrow              Conj/Erth      0%         3d7       87%         3
 Swiftness                Air            0%         N/A       87%         3
 Airstrike                Air            0%         N/A       99%         4
 Hailstorm                Conj/Ice       0%         3d3       99%         4
 Petrify                  Tmut/Erth      0%         N/A       99%         4
 Irradiate                Conj/Tmut      0%         3d13      100%        5


Dungeon Overview and Level Annotations

Branches:
Dungeon (6/15)             Temple (1/1) D:4           Sewer (visited)

Altars:
Ashenzari
Dithmenos
Elyvilon
Fedhas
Gozag
Hepliaklqana
Kikubaaqudgha
Makhleb
Nemelex Xobeh
Qazlal
Ru
Sif Muna
Trog
Uskayaw
Vehumet
Wu Jian
Yredelemnul
Zin
The Shining One


Innate Abilities, Weirdness & Mutations

You are completely covered in rugged brown scales. (AC +3, +7% HP)
You have supernaturally acute eyesight. (SInv)
Armour fits poorly on your strangely shaped body.
You can roll at nearby foes to attack.
You have a long armoured tail.
You curl defensively after being hit. (AC +7*)


Message History

The killer bee completely misses you. You block the killer bee's attack.
The killer bee barely misses you. x2
You have reached level 9!
Your experience leads to an increase in your attributes!
Your base attributes are Str 22, Int 8, Dex 10.
Increase (S)trength, (I)ntelligence, or (D)exterity?
You feel stronger. x2
You closely miss the killer bee.
Your tail-slap misses the killer bee.
You hit the killer bee.
You kill the killer bee!
You hit the killer bee.
You feel sick.
The killer bee stings you but does no damage. x2
The killer bee stings you! You block the killer bee's attack.
Your Fighting skill increases to level 8!
You slash the killer bee!
You kill the killer bee!
You barely miss the killer bee.
You feel sick. The killer bee stings you.
* * * LOW HITPOINT WARNING * * *
The killer bee stings you.
* * * LOW HITPOINT WARNING * * *
The killer bee stings you but does no damage.
You miss the killer bee.
You feel sick.
The killer bee stings you but does no damage. x2
You miss the killer bee.
Your tail-slap misses the killer bee.
You feel sick. The killer bee stings you.
* * * LOW HITPOINT WARNING * * *
You block the killer bee's attack.
You barely miss the killer bee.
Your tail-slap misses the killer bee.
You feel sick.
You are no longer poisoned.
The killer bee stings you!
* * * LOW HITPOINT WARNING * * *
You block the killer bee's attack.
The killer bee stings you but does no damage.
You miss the killer bee. The killer bee barely misses you.
The killer bee stings you.
* * * LOW HITPOINT WARNING * * *
You closely miss the killer bee.
Your tail-slap misses the killer bee.
The killer bee stings you!
You die...

####### #....#########
........###............#
...............###......
.................<......
............##.###......
............##.# #......
............##.# #......
...............# #......
......†@######## #####.#
......y†# ####.#
........# #.....
######.## #..... #.
#..... #. #..... #.
#..... #. +.....
####.....


You could see a killer bee.

Vanquished Creatures
  Duvessa (D:6)
  2 ice beasts (D:6)
  2 ogres (D:5)
  A black bear (D:4)
  A centaur (D:5)
  2 bullfrogs (D:6)
  A necrophage (D:5)
  3 scorpions (D:5)
  Dowan (D:6)
  5 killer bees (D:6)
  4 jellies (D:6)
  3 hounds
  An orc priest (D:6)
  Jessica (D:2)
  4 iguanas
  4 orc wizards
  8 gnolls
  8 adders
  5 river rats (Sewer)
  An ufetubus (D:5)
  6 worms
  11 orcs
  7 endoplasms
  9 goblins
  6 hobgoblins
  5 quokkas
  14 ball pythons
  10 bats
  5 frilled lizards
  24 kobolds
  28 rats
183 creatures vanquished.

Vanquished Creatures (others)
  9 plants (D:1)
9 creatures vanquished.

Grand Total: 192 creatures vanquished

Notes
Turn   | Place    | Note
-------+----------+-------------------------------------------
     0 | D:1      | oldriver the Palentonga Fighter began the quest for the
                  | Orb.
     0 | D:1      | Reached XP level 1. HP: 19/19 MP: 1/1
   399 | D:1      | Reached XP level 2. HP: 23/25 MP: 2/2
  1095 | D:2      | Reached XP level 3. HP: 27/32 MP: 3/3
  1153 | D:2      | Noticed Jessica
  1160 | D:2      | Killed Jessica
  1298 | D:2      | Reached XP level 4. HP: 39/39 MP: 4/4
  1947 | D:3      | Found a faded altar of an unknown god.
  2023 | D:3      | HP: 1/39 [gnoll/+0 spear (4)]
  2652 | D:3      | Reached XP level 5. HP: 45/46 MP: 5/5
  3109 | D:4      | Found a staircase to the Ecumenical Temple.
  3176 | D:4      | Noticed a black bear
  3183 | D:4      | Killed a black bear
  3184 | D:4      | Reached skill level 5 in Fighting
  3184 | D:4      | Reached XP level 6. HP: 51/54 MP: 6/6
  3258 | D:4      | Found a glowing drain.
  3285 | Sewer    | Entered a sewer
  3313 | Sewer    | Reached skill level 5 in Axes
  4279 | D:5      | Entered Level 5 of the Dungeon
  4282 | D:5      | Gained mutation: You curl defensively after being hit. (AC
                  | +7*) [Palentonga growth]
  4282 | D:5      | Reached XP level 7. HP: 62/62 MP: 7/7
  4385 | D:5      | Found a sacrificial altar of Ru.
  4385 | D:5      | Found a shimmering blue altar of Sif Muna.
  4459 | D:5      | Found a burning altar of Makhleb.
  4459 | D:5      | Found a glowing silver altar of Zin.
  4517 | Temple   | Entered the Ecumenical Temple
  4686 | D:5      | Reached XP level 8. HP: 68/71 MP: 8/8
  5224 | D:6      | Reached skill level 1 in Dodging
  5238 | D:6      | Noticed Duvessa
  5240 | D:6      | Noticed Dowan
  5248 | D:6      | Killed Duvessa
  5248 | D:6      | Killed Dowan
  5313 | D:6      | Found a sparkling altar of Nemelex Xobeh.
  5808 | D:6      | Reached XP level 9. HP: 35/79 MP: 9/9
  5814 | D:6      | Slain by a killer bee

Illustrated notes

Levels and vault maps discovered:
D:1:      sevenhm_arrival_forest_fort_small_3, layout_basic, kennysheep_boxes
D:2:      layout_loops_ring, uniq_jessica
D:3:      minmay_chambers_of_threes, layout_loops_ring, basic_ecumenical_altar
D:4:      layout_rooms, minmay_temple_entry_water_ring,
          cheibrodos_sewer_entry_bend
D:5:      layout_basic, mainiacjoe_overflow_alcove_3
D:6:      layout_basic, nemelex_spade_bored_becter, grunt_decor_clamped,
          grunt_tough_drop, uniq_duvessa
Temple:   zaba_magenta_temple

Skill      XL: |  1  2  3  4  5  6  7  8  9 |
---------------+----------------------------+-----
Axes           | 3 4 5 6 8 |  8.2
Fighting       | 4 5 6 7 8 |  8.0
Dodging        | 2 |  2.0
Shields        | 3 |  3.7
Armour         | 3 |  3.4

Action                   |  1- 3 |  4- 6 |  7- 9 || total
-------------------------+-------+-------+-------++-------
Melee: War axe           |    75 |   213 |   121 ||   409
       Tailslap          |     7 |    25 |    15 ||    47
 Abil: Rolling Charge    |    15 |    48 |    20 ||    83
  Use: Potion            |       |     3 |     2 ||     5
       Scroll            |       |     8 |     4 ||    12
Armor: Scale mail        |    33 |    86 |    24 ||   143
       Leather armour    |       |       |    38 ||    38
Dodge: Dodged            |    18 |    79 |    51 ||   148
Block: Buckler           |    12 |    35 |    37 ||    84

Table legend: (Time is in decaauts)
 A = Elapsed time spent in this place.
 B = Non-inter-level travel time spent in this place.
 C = Inter-level travel time spent in this place.
 D = Time resting spent in this place.
 E = Time spent auto-exploring this place.
 F = Levels seen in this place.
 G = Mean time per level.
                   A        B        C        D        E       F      G
               +--------+--------+--------+--------+--------+-----+--------+
         Total |   5959 |   5608 |    351 |    785 |   3679 |   8 |  744.9 |
       Dungeon |   5277 |   4946 |    331 |    785 |   3198 |   6 |  879.5 |
        Temple |     73 |     54 |     19 |      0 |     50 |   1 |   73.0 |
         Sewer |    607 |    607 |      0 |      0 |    430 |   1 |  607.0 |
               +--------+--------+--------+--------+--------+-----+--------+

Top non-repeatable levels by time:
     D:3: 1240 daAuts
     D:1: 1098 daAuts
     D:2: 877 daAuts
     D:4: 798 daAuts
     D:6: 723 daAuts
   Sewer: 607 daAuts
     D:5: 538 daAuts
  Temple: 73 daAuts
